 Dungeon Sprint DCSS version 0.28.0-43-g3370ac3207 (webtiles) character file.

Game seed: 18051591376131893727

91 boopmooplesden the Chopper (level 4, -8/47 HPs)
             Began as a Minotaur Berserker on Mar 13, 2022.
             Was a Believer of Trog.
             Killed from afar by an oklob sapling (32 damage)
             ... with a splash of acid
             ... in the Dungeon (Sprint IV: "Fedhas' Mad Dash").
             The game lasted 00:00:29 (123 turns).

boopmooplesden the Chopper (Minotaur Berserker)      Turns: 123, Time: 00:00:30

Health: -8/47      AC:  1    Str: 21    XL:     4   Next: 33%
Magic:  1/3        EV: 11    Int:  6    God:    Trog [**....]
Gold:   40         SH:  0    Dex: 10    Spells: 3/3 levels left

rFire   . . .      SeeInvis .   a - +0 hand axe
rCold   . . .      Faith    .   (no shield)
rNeg    . . .      Spirit   .   i - +0 ring mail
rPois   .          Reflect  .   (helmet restricted)
rElec   .          Harm     .   (no cloak)
rCorr   .          Rampage  .   (no gloves)
Will    .....      NoTele   +   (no boots)
Stlth   ..........              k - amulet of invisibility {+Inv}
HPRegen 0.15/turn               (no ring)
MPRegen 0.08/turn               (no ring)

@: corroded, very slightly contaminated, invisible
A: horns 2, retaliatory headbutt
a: Renounce Religion, Evoke Invisibility, Berserk, Trog's Hand


You were in the Dungeon.
You worshipped Trog.
Trog was pleased with you.
You visited 1 branch You collected 40 gold pieces.

Inventory:

Hand Weapons
 a - a +0 hand axe (weapon)
Armour
 b - a +0 animal skin
 i - a +0 ring mail (worn)
Jewellery
 k - the amulet of invisibility (around neck) {+Inv}
   (You found it in the Dungeon)

   [amulet of nothing]

   +Inv:      It lets you turn invisible.
Scrolls
 h - a scroll of blinking
Potions
 c - a potion of curing
 d - a potion of heal wounds
 e - a potion of haste
 f - 2 potions of magic
 g - a potion of berserk rage
 j - a potion of brilliance {unknown}


   Skills:
 + Level 7.3 Fighting
 + Level 7.5 Axes
 + Level 3.9 Armour
 + Level 3.8 Dodging


You had 3 spell levels left.
You didn't know any spells.
Your spell library was empty.

Dungeon Overview and Level Annotations

Branches:
Dungeon (1/1)

Altars:

Annotations:
D exclusion: oklob sapling


Innate Abilities, Weirdness & Mutations

You have a pair of horns on your head.
You reflexively headbutt those who attack you in melee.


Message History

You feel yourself speed up.
You start putting on your amulet.
You continue putting on the amulet of invisibility {+Inv}. x5
You finish putting on the amulet of invisibility {+Inv}.
k - the amulet of invisibility (around neck) {+Inv} You fade into invisibility!
You are very lightly contaminated with residual magic.
You open the door.
An oklob sapling comes into view.
Marking area around an oklob sapling as unsafe for travelling.
Found 4 gold pieces.
Found 5 gold pieces.
There is an open door here.
The oklob sapling spits acid at you. The splash of acid misses you.
You catch the helpless oklob sapling completely off-guard!
You hit the oklob sapling but do no damage.
You hit the oklob sapling but do no damage.
The oklob sapling spits acid at you. The splash of acid hits you!
The acid corrodes you!
You hit the oklob sapling but do no damage.
You recover from your berserk rage.
You hit the oklob sapling.
The oklob sapling is lightly damaged.
You hit the oklob sapling but do no damage.
The oklob sapling is lightly damaged.
You hit the oklob sapling but do no damage.
The oklob sapling is lightly damaged.
You hit the oklob sapling but do no damage.
You headbutt the oklob sapling, but do no damage.
The oklob sapling is lightly damaged.
The oklob sapling spits acid at you. The splash of acid hits you!
You hit the oklob sapling.
You headbutt the oklob sapling, but do no damage.
The oklob sapling is moderately damaged.
The oklob sapling spits acid at you. The splash of acid hits you!!
Ouch! That really hurt!
You die...

##################
#<..P#.....#.....#
#PP..'.†...'.#†..+
#PPPP#.....#.#...#
###############'##
+..@# #$P$# #####


You could see an oklob sapling.

Vanquished Creatures
  A scorpion (D)
  An oklob sapling (D)
  A river rat (D)
  A rat (D)
4 creatures vanquished.

Notes
Turn   | Place    | Note
-------+----------+-------------------------------------------
     0 | D        | boopmooplesden the Minotaur Berserker began the quest for
                  | the Orb.
     0 | D        | Reached XP level 1. HP: 19/19 MP: 0/0
     8 | D        | Reached XP level 2. HP: 28/28 MP: 1/1
    73 | D        | Noticed an oklob sapling
    76 | D        | Killed an oklob sapling
    76 | D        | Reached ** piety under Trog
    77 | D        | Reached XP level 3. HP: 37/37 MP: 2/2
    78 | D        | Noticed a scorpion
    78 | D        | Found the amulet of invisibility {+Inv}
    79 | D        | Killed a scorpion
    80 | D        | Reached XP level 4. HP: 47/47 MP: 3/3
   123 | D        | Killed from afar by an oklob sapling

Illustrated notes

Levels and vault maps discovered:
D:        dungeon_sprint_fedhas [sprint_temple]

Skill      XL: |  1  2  3 |
---------------+----------+-----
Fighting       | 4 6 7 |  7.3
Axes           | 4 6 7 |  7.5
Armour         | 3 |  3.9
Dodging        | 3 |  3.8

Action                   |  1- 3 |  4- 6 || total
-------------------------+-------+-------++-------
Melee: Hand axe          |     5 |     8 ||    13
       Headbutt          |       |     2 ||     2
Invok: Berserk           |     2 |       ||     2
 Abil: Evoke Invisibilit |       |     1 ||     1
 Stab: Invisible         |       |     1 ||     1
Dodge: Dodged            |     2 |     1 ||     3
